 Dungeon Crawl Stone Soup version 0.24-a0-378-g94936e539c (webtiles) character file.

Game seed: 9461213223669042783

957 MachJacob the Stinger (level 7, -5/32 HPs)
             Began as a Spriggan Venom Mage on June 1, 2019.
             Shot with an arrow by a centaur (11 damage)
             ... on level 5 of the Dungeon.
             The game lasted 00:21:49 (7870 turns).

MachJacob the Stinger (Spriggan Venom Mage)         Turns: 7870, Time: 00:21:50

Health: -5/32      AC:  3    Str:  4    XL:     7   Next: 91%
Magic:  10/14      EV: 19    Int: 18    God:
Gold:   357        SH:  0    Dex: 17    Spells: 5/14 levels left

rFire    . . .     SeeInvis +   b - +0 hunting sling (freeze)
rCold    . . .     Gourm    .   (shield restricted)
rNeg     . . .     Faith    .   d - +0 robe
rPois    .         Spirit   .   (helmet restricted)
rElec    .         Reflect  .   o - +0 cloak
rCorr    .         Harm     .   (gloves unavailable)
MR       ++...                  (boots unavailable)
Stlth    +++.......             (no amulet)
HPRegen  0.10/turn              h - ring of protection from magic
MPRegen  0.14/turn              (no ring)

@: very quick
A: very small, unfitting armour, see invisible, herbivore, speed 3, slow
metabolism 2
a: no special abilities


You were on level 5 of the Dungeon.
You were very hungry.

You visited 1 branch of the dungeon, and saw 5 of its levels.

You collected 357 gold pieces.

Inventory:

Hand Weapons
 a - a +4 dagger of speed
 b - a +0 hunting sling of freezing (weapon)
Missiles
 e - 2 throwing nets {!f}
 q - 123 stones
 r - 8 sling bullets (quivered)
Armour
 d - a +0 robe (worn)
 o - a +0 cloak (worn)
Jewellery
 h - a ring of protection from magic (left hand)
Wands
 V - a wand of flame (28)
Scrolls
 g - 2 scrolls of amnesia
 i - 2 scrolls of teleportation
 m - 8 scrolls of remove curse
 p - a scroll of enchant armour {unknown}
Potions
 f - 2 potions of heal wounds
 j - 2 potions of degeneration {unknown}
 k - a potion of might {unknown}
 n - a potion of haste
 t - a potion of curing
 u - a potion of mutation {unknown}
Comestibles
 c - 8 rations


   Skills:
 + Level 3.8 Dodging
 + Level 4.0 Stealth
 - Level 4.0 Spellcasting
 - Level 3.1 Conjurations
 - Level 5.0 Air Magic
 * Level 5.3 Poison Magic


You had 5 spell levels left.
You knew the following spells:

 Your Spells              Type           Power        Failure   Level  Hunger
a - Poisonous Vapours     Pois/Air       ###...       2%          2    ##.....
c - Mephitic Cloud        Conj/Pois/Air  ###.....     7%          3    ###....
d - Olgreb's Toxic Radia  Pois           ###.....     16%         4    ####...

Your spell library contained the following spells:

 Spells                   Type           Power        Failure   Level  Hunger
 Sting                    Conj/Pois      ###.         2%          1    None
 Venom Bolt               Conj/Pois      ###.......   56%         5    ######.


Dungeon Overview and Level Annotations

Branches:
Dungeon (5/15)
 Temple: D:4-7

Altars:
Gozag
Uskayaw
Vehumet


Innate Abilities, Weirdness & Mutations

You are very small and have problems with some larger weapons.
You are too small for most types of armour.
You have supernaturally acute eyesight. (SInv)
You are a herbivore.
You cover ground extremely quickly.
You need to consume almost no food.


Message History

The centaur shoots an arrow.
The arrow hits you!
Casting: Poisonous Vapours (safe; 2% risk of failure)
Confirm with . or Enter, or press ? or * to list all spells.
Aiming: Poisonous Vapours (safe; 2% risk of failure)
Press: ? - help, Dir - move target cursor, f - centaur
Aim: a centaur, wielding a +0 shortbow Poisonous vapours surround the centaur!
The centaur is engulfed in poison gas.
The centaur is poisoned.
The centaur shoots an arrow.
The arrow hits you.
The centaur looks even sicker.
The centaur shoots an arrow.
The arrow hits you!
* * * LOW HITPOINT WARNING * * *
Casting: Poisonous Vapours (safe; 2% risk of failure)
Confirm with . or Enter, or press ? or * to list all spells.
Aiming: Poisonous Vapours (safe; 2% risk of failure)
Press: ? - help, Dir - move target cursor, f/p - centaur
Aim: a centaur, wielding a +0 shortbow (moderately wounded, poisoned) Poisonous vapours surround the centaur!
You are feeling very hungry.
The centaur is engulfed in poison gas.
The centaur looks even sicker.
The centaur shoots an arrow.
The arrow hits you!
You die...

############
#...@......#
#..........#
#..........#
#..<.......#
#..........#
#..........#
#......c...#
#######)####
#(.#


You could see a centaur.

Vanquished Creatures
  The ghost of temitten the Sneak, an amateur SpEn of Dithmenos (D:4)
  An ice beast (D:4)
  2 ogres (D:4)
  A howler monkey (D:4)
  A centaur zombie (D:5)
  A hound (D:4)
  2 orc priests (D:4)
  Jessica (D:3)
  Natasha (thrice) (D:3)
  A hound skeleton (D:4)
  12 adders (D:2 D:3 D:4)
  9 gnolls (D:1 D:2 D:3 D:4)
  2 oozes (D:1 D:2)
  An adder skeleton (D:5)
  4 worms (D:2 D:3 D:4)
  2 dart slugs (D:3 D:4)
  6 leopard geckos (D:1 D:2 D:3 D:4)
  8 orcs (D:3 D:4 D:5)
  7 giant cockroaches (D:1 D:2 D:3 D:4)
  6 hobgoblins (D:1 D:2)
  9 jackals (D:1 D:2)
  11 kobolds (D:1 D:2 D:3)
  A quokka (D:3)
  2 ball pythons (D:3)
  A bat (D:3)
  4 frilled lizards (D:1 D:2 D:5)
  11 goblins (D:1 D:2 D:3)
  A leopard gecko zombie (D:5)
  5 rats (D:1 D:3)
116 creatures vanquished.

Vanquished Creatures (others)
  An adder (D:2)
  A leopard gecko (D:2)
  2 giant cockroaches (D:2)
  A goblin (D:2)
  A hobgoblin (D:2)
  A kobold (D:2)
  A frilled lizard (D:2)
8 creatures vanquished.

Grand Total: 124 creatures vanquished

Notes
Turn   | Place    | Note
-------+----------+-------------------------------------------
     0 | D:1      | MachJacob the Spriggan Venom Mage began the quest for the
                  | Orb.
     0 | D:1      | Reached XP level 1. HP: 9/9 MP: 5/5
   478 | D:1      | Reached XP level 2. HP: 13/13 MP: 1/6
   558 | D:1      | You fall into a shaft and drop 1 floor!
   621 | D:2      | Found a radiant altar of Vehumet.
   793 | D:1      | Reached skill level 1 in Conjurations
  1086 | D:1      | Learned a level 2 spell: Poisonous Vapours
  1324 | D:1      | Reached XP level 3. HP: 16/16 MP: 5/8
  2065 | D:2      | Reached XP level 4. HP: 21/21 MP: 0/10
  2539 | D:1      | Reached skill level 1 in Air Magic
  2936 | D:2      | Reached XP level 5. HP: 24/24 MP: 6/11
  2954 | D:2      | Learned a level 3 spell: Mephitic Cloud
  2961 | D:2      | Learned a level 4 spell: Olgreb's Toxic Radiance
  3822 | D:3      | Found a hide-covered altar of Uskayaw.
  4205 | D:3      | Noticed Jessica
  4209 | D:3      | Killed Jessica
  4430 | D:3      | Reached skill level 5 in Poison Magic
  4537 | D:3      | Noticed Natasha
  4539 | D:3      | Killed Natasha
  4539 | D:3      | Reached XP level 6. HP: 28/28 MP: 8/13
  4654 | D:3      | Found a faded altar of an unknown god.
  4806 | D:3      | Noticed Natasha
  4828 | D:3      | Killed Natasha
  4855 | D:3      | Noticed Natasha
  4874 | D:3      | Killed Natasha
  5610 | D:4      | Reached XP level 7. HP: 32/32 MP: 7/14
  5841 | D:4      | Found a runed translucent gate.
  5842 | D:4      | Found a runed translucent gate.
  5848 | D:4      | Found a runed translucent gate.
  5849 | D:4      | Found an opulent altar of Gozag.
  5849 | D:4      | Noticed temitten's ghost (amateur SpEn)
  6491 | D:4      | Killed temitten's ghost
  6681 | D:4      | Reached skill level 5 in Air Magic
  6939 | D:5      | Entered Level 5 of the Dungeon
  7870 | D:5      | Shot with an arrow by a centaur

Levels and vault maps discovered:
D:1:      dpeg_arrival_boxes_within_box, layout_basic, minmay_misc_feat_five,
          grunt_decor_fettered, minmay_ruptured
D:2:      layout_basic, fiery_altar_vehumet
D:3:      layout_rooms, eat_drink_and_be_merry_uskayaw,
          chequers_ecumenical_altar_simple, minmay_misc_feat_secret_circle,
          uniq_natasha, uniq_jessica
D:4:      layout_loops_ring, ebering_ghost_gozag,
          hangedman_decor_clover_reticule
D:5:      layout_rooms, first_ration, serial_shops, shop,
          minmay_misc_feat_four_crosses, chequers_serial_rivers_small_a

Skill      XL: |  1  2  3  4  5  6  7 |
---------------+----------------------+-----
Spellcasting   | 3 4 |  4.0
Conjurations   | 1 2 3 |  3.1
Poison Magic   | 4 5 |  5.3
Air Magic      | 1 2 3 5 |  5.0
Stealth        | 4 |  4.0
Dodging        | |  3.8

Action                   |  1- 3 |  4- 6 |  7- 9 || total
-------------------------+-------+-------+-------++-------
Melee: Dagger            |    19 |    41 |    30 ||    90
 Fire: Hunting sling     |       |       |    59 ||    59
 Cast: Sting             |    79 |    15 |       ||    94
       Poisonous Vapours |     5 |   104 |    33 ||   142
Evoke: Wand              |       |       |    17 ||    17
  Use: Scroll            |     1 |     8 |       ||     9
  Eat: Ration            |       |     2 |     2 ||     4
Armor: Robe              |     1 |     4 |     1 ||     6
Dodge: Dodged            |    26 |    43 |    31 ||   100

Table legend:
 A = Non-vault XP
 B = Vault XP
 C = Vault XP percentage of total XP
 D = Non-vault monster count
 E = Vault monster count
 F = Vault count percentage of total count
                 A         B        C        D         E       F
            +---------+---------+-------+---------+---------+-------
      Total |    1015 |     353 |  25.8 |     107 |       9 |   7.8
            +---------+---------+-------+---------+---------+-------
        D:1 |      65 |       8 |  11.0 |      27 |       4 |  12.9
        D:2 |     164 |       0 |   0.0 |      26 |       0 |   0.0
        D:3 |     187 |      72 |  27.8 |      28 |       2 |   6.7
        D:4 |     542 |     273 |  33.5 |      21 |       3 |  12.5
        D:5 |      57 |       0 |   0.0 |       5 |       0 |   0.0
            +---------+---------+-------+---------+---------+-------
